 Dungeon Crawl Stone Soup version 0.19.3 (webtiles) character file.

28 KyraPratley the Ducker (level 3, -1/16 HPs)
             Began as a Spriggan Summoner on Jan 22, 2017.
             Slain by a goblin
             ... wielding a +2 dagger of venom
             ... led by Robin
              (4 damage)
             ... on level 1 of the Dungeon.
             The game lasted 00:09:30 (1671 turns).

KyraPratley the Ducker (Spriggan Summoner)          Turns: 1671, Time: 00:09:31

Health: -1/16      AC:  2    Str:  4    XL:     3   Next: 0%
Magic:  6/8        EV: 19    Int: 17    God:
Gold:   62         SH:  0    Dex: 16    Spells: 2 memorised, 5 levels left

rFire  . . .     SeeInvis +     (weapon restricted)
rCold  . . .     Gourm    .     a - +0 robe
rNeg   . . .     Faith    .     (shield restricted)
rPois  .         Spirit   .     (helmet restricted)
rElec  .         Reflect  .     (no cloak)
rCorr  .         Harm     .     (gloves unavailable)
MR     .....                    (boots unavailable)
Stlth  ++........               (no amulet)
                                (no ring)
                                (no ring)

@: lethally poisoned (-1 -> -7), very quick
A: unfitting armour, see invisible, herbivore 3, speed 3, slow metabolism 2
a: no special abilities


You were on level 1 of the Dungeon.
You were not hungry.

You visited 1 branch of the dungeon, and saw 2 of its levels.

You collected 62 gold pieces.

Inventory:

Armour
 a - a +0 robe (worn)
 g - a cursed +0 cloak
Jewellery
 f - a cursed amulet of inaccuracy {unknown}
Scrolls
 e - a scroll of teleportation {unknown}
Books
 b - a book of Callings

   Spells                             Type                      Level
   a - Summon Small Mammal            Summoning                    1
   b - Call Imp                       Summoning                    2
   c - Call Canine Familiar           Summoning                    3
   d - Summon Guardian Golem          Hexes/Summoning              3
   e - Summon Lightning Spire         Summoning/Air                4
   f - Summon Ice Beast               Ice/Summoning                4
Comestibles
 c - 4 bread rations


   Skills:
 + Level 3.6 Dodging
 + Level 3.0 Stealth
 + Level 0.1 Unarmed Combat
 + Level 3.4 Spellcasting
 + Level 3.5 Summonings


You had 5 spell levels left.
You knew the following spells:

 Your Spells              Type           Power        Failure   Level  Hunger
a - Summon Small Mammal   Summ           ###.         4%          1    None
b - Call Imp              Summ           ###.....     10%         2    ##.....


Dungeon Overview and Level Annotations

Branches:
Dungeon (2/15)

Altars:

Annotations:
D:2 Robin


Innate Abilities, Weirdness & Mutations

You are very small and have problems with some larger weapons.
You are too small for most types of armour.
You have supernaturally acute eyesight. (SInv)
You are a herbivore.
You cover ground extremely quickly.
You need consume almost no food.


Message History

You climb downwards.
Level annotation: Robin The adder bites you.
The goblin closely misses you. The goblin completely misses you.
The goblin hits you with a club. The adder bites you.
You are poisoned.
The adder poisons you!
There is a stone staircase leading up here.
You feel sick. The adder bites you but does no damage.
The goblin closely misses you. x2; The goblin misses you.
The adder bites you.
* * * LOW HITPOINT WARNING * * *
You climb upwards.
* * * LOW HITPOINT WARNING * * *
You feel sick.
There is a stone staircase leading down, spattered with blood here.
Casting: Call Imp
Confirm with . or Enter, or press ? or * to list all spells.
A beastly little devil appears in a puff of flame.
The goblin hits you with a dagger of venom.
You die...

#.###...##.......#.# #
#.###........#####'## #
#.......####.# ##...## #
#####........###.....##
# #..#.###.##(......##
##
#.....##.#.........####.
##.......5....)....'....
#....##S#..[......####.
#>..gg@g##..)....## ##
###.#######.....## # #.#
##...## #.# ##'## #.#
#(# #.# #.# #.# ##.#####
#.########......#
#.............#.#


You could see an adder, 3 goblins and a friendly crimson imp.

Vanquished Creatures
  A ball python (D:1)
  A goblin (D:1)
2 creatures vanquished.

Vanquished Creatures (collateral kills)
  Ijyb (D:1)
  A leopard gecko (D:1)
  3 goblins (D:1)
  3 hobgoblins (D:1)
  4 kobolds (D:1)
  5 bats (D:1)
  4 rats (D:1)
21 creatures vanquished.

Grand Total: 23 creatures vanquished

Notes
Turn   | Place    | Note
-------+----------+-------------------------------------------
     0 | D:1      | KyraPratley the Spriggan Summoner began the quest for the Orb.
     0 | D:1      | Reached XP level 1. HP: 9/9 MP: 5/5
   764 | D:1      | Reached XP level 2. HP: 13/13 MP: 0/6
  1033 | D:1      | Learned a level 2 spell: Call Imp
  1398 | D:2      | Noticed Ijyb
  1512 | D:2      | Noticed Robin
  1556 | D:1      | Killed Ijyb
  1556 | D:1      | Reached XP level 3. HP: 10/16 MP: 1/8
  1671 | D:1      | Slain by a goblin

Skill      XL: |  1  2 |
---------------+-------+-----
Spellcasting   | 3 |  3.4
Dodging        | |  3.6
Stealth        | |  3.0
Unarmed Combat | |  0.1
Summonings     | |  3.5

Action                   || total
-------------------------++-------
Melee: Unarmed           ||    51
 Cast: Summon Small Mamm ||    50
       Call Imp          ||     5
  Use: Scroll            ||     3
       Potion            ||     3
 Stab: Distracted        ||     1
Armor: Robe              ||    21
Dodge: Dodged            ||   151
